Map: Lost and Found LE

Players

Denver - Winner!

  • Race: Zerg Zerg
  • Spawn Location: 7:00

Mamba

  • Race: Zerg Zerg
  • Spawn Location: 1:00

Event: WCS Valencia 2018

VOD

Have the link to the VOD?

Description

Time

  • Played on: July 12, 2018, 8:53 a.m.
  • Length: 13:09

All games in this series

Show
View Real Time Build Order
Export as new Build Order

Denver Zerg - Winner!

Build Orders: Pool First 

Get SALT Encoding   

  12  0:00  Drone  
  13  0:13  Overlord  
  13  0:17  Drone  
  14  0:31  Drone  
  14  0:32  Drone  
  16  0:36  Drone  
  17  0:45  Spawning Pool  
  17  0:48  Drone  
  17  1:09  Hatchery  
  16  1:12  Drone  
  16  1:15  Drone  
  18  1:27  Extractor  
  18  1:32  Zergling x4, Queen  
  21  1:42  Overlord  
  21  1:52  Drone  
  22  2:02  Drone  
  22  2:07  Queen  
  25  2:12  Drone  
  26  2:23  Drone x2, Queen  
  30  2:34  Overlord, Drone  
  31  2:40  Drone  
  31  2:41  Drone x2  
  34  2:45  Drone  
  34  2:51  Drone  
  36  2:55  Evolution Chamber  
  36  2:58  Drone x2  
  36  3:02  Roach Warren  
  35  3:05  Drone  
  35  3:11  Drone  
  36  3:13  Spine Crawler  
  36  3:18  Drone x2, Evolution Chamber  
  36  3:25  Zerg Missile Weapons Level 1  
  37  3:27  Drone x2  
  37  3:34  Drone x3  
  40  3:35  Drone  
  42  3:41  Lair  
  42  3:46  Extractor  
  42  3:50  Extractor, Drone  
  42  3:51  Drone x2  
  42  3:54  Overlord x2  
  44  4:01  Overlord  
  44  4:12  Drone  
  44  4:13  Drone  
  44  4:15  Overlord  
  44  4:16  Roach x2  
  50  4:23  Roach  
  50  4:24  Roach  
  54  4:26  Extractor  
  54  4:27  Drone x3  
  56  4:37  Drone x2  
  58  4:40  Spire  
  58  4:43  Overseer  
  58  4:44  Drone  
  58  4:45  Overlord, Drone x3  
  61  4:58  Hatchery  
  60  5:06  Overlord  
  60  5:07  Glial Reconstitution  
  60  5:12  Drone x2  
  60  5:13  Drone  
  63  5:17  Overlord  
  63  5:52  Mutalisk x7  
  77  5:58  Roach x2  
  77  5:59  Overlord, Roach  
  77  6:02  Extractor  
  77  6:04  Extractor, Spine Crawler  
  81  6:05  Spine Crawler, Roach x2  
  81  6:09  Spine Crawler x2, Roach x2  
  87  6:11  Roach  
  89  6:18  Roach  
  89  6:19  Roach  
  89  6:25  Roach x2  
  89  6:26  Roach  
  91  6:35  Roach x2  
  81  6:45  Roach x3  
  83  6:52  Roach x2  
  81  7:00  Roach  
  81  7:01  Roach  
  79  7:09  Roach x2  
  79  7:13  Roach  
  83  7:24  Roach x3  
  83  7:26  Drone  
  83  7:27  Drone x4  
  94  7:32  Drone x2  
  96  7:38  Roach x3  
  96  7:40  Overlord  
  96  7:44  Overlord  
  102  7:48  Roach x2  
  106  7:53  Overlord  
  106  7:57  Zerg Missile Weapons Level 2  
  104  8:00  Roach x2  
  104  8:04  Roach x2  
  110  8:10  Drone, Roach x2  
  110  8:11  Drone x2  
  117  8:14  Queen  
  121  8:20  Overlord, Roach  
  121  8:22  Overlord  
  121  8:27  Overlord  
  121  8:29  Overlord  
  121  8:35  Overlord  
  121  8:40  Roach  
  121  8:41  Roach x2  
  127  8:51  Roach x5  
  137  8:59  Roach x2  
  141  9:03  Mutalisk  
  141  9:06  Extractor  
  142  9:16  Roach  
  142  9:17  Extractor, Roach  
  146  9:18  Overlord x3  
  145  9:25  Overlord  
  145  9:26  Zerg Flyer Weapons Level 1  
  145  9:33  Overlord  
  145  9:36  Mutalisk, Queen  
  145  9:37  Mutalisk  
  151  9:42  Drone x4  
  155  9:51  Roach x3  
  155  9:59  Mutalisk x2  
  155  10:11  Roach x6  
  155  10:12  Roach  
  167  10:22  Mutalisk x2  
  167  10:28  Overlord  
  169  10:30  Mutalisk  
  169  10:31  Mutalisk x2  
  171  10:39  Mutalisk x2  
  149  10:51  Mutalisk  
  149  10:52  Overlord  
  149  10:53  Mutalisk  
  101  11:28  Hatchery  
  96  12:00  Extractor  
  93  12:17  Extractor  
  93  12:18  Extractor  
  85  12:40  Extractor  
  80  13:03  Extractor  
  80  13:04  Extractor  
Show
View Real Time Build Order
Export as new Build Order

Mamba Zerg 

Build Orders: Hatch First 

Get SALT Encoding   

  12  0:00  Drone  
  13  0:13  Overlord  
  13  0:17  Drone  
  14  0:31  Drone x2  
  14  0:35  Drone  
  17  0:52  Hatchery  
  17  0:55  Drone  
  17  0:58  Drone  
  18  1:09  Extractor  
  17  1:12  Spawning Pool  
  17  1:16  Drone  
  17  1:19  Drone  
  18  1:30  Drone  
  19  1:40  Overlord  
  19  1:59  Queen  
  19  2:00  Zergling x4  
  23  2:04  Queen  
  23  2:05  Drone  
  26  2:08  Metabolic Boost  
  26  2:13  Drone  
  27  2:18  Zergling x2  
  27  2:22  Drone  
  29  2:25  Drone  
  30  2:34  Drone  
  30  2:36  Queen  
  31  2:39  Overlord  
  33  2:57  Drone x3  
  36  2:58  Overlord  
  36  3:07  Drone x2  
  36  3:11  Drone x6  
  44  3:17  Drone  
  45  3:28  Hatchery  
  44  3:36  Drone x3  
  47  3:44  Evolution Chamber  
  47  3:46  Roach Warren  
  47  3:48  Drone x6  
  50  3:52  Overlord  
  50  3:56  Lair  
  50  4:03  Overlord, Extractor  
  50  4:04  Extractor  
  50  4:06  Drone x2  
  50  4:08  Overlord  
  50  4:16  Zerg Missile Weapons Level 1  
  50  4:21  Drone x6  
  56  4:25  Drone x2  
  56  4:28  Overlord  
  57  4:39  Roach x2  
  57  4:44  Roach  
  57  4:45  Roach  
  65  4:49  Roach x3  
  70  4:57  Glial Reconstitution  
  70  4:58  Roach  
  70  4:59  Roach x4  
  80  5:01  Overlord  
  80  5:05  Overseer  
  80  5:07  Roach  
  80  5:10  Unknown  
  82  5:15  Roach x3  
  82  5:16  Overlord x2  
  82  5:17  Overlord  
  88  5:26  Overlord x2  
  88  5:27  Roach  
  88  5:28  Roach x2  
  94  5:32  Overlord x2  
  94  5:36  Roach x2  
  98  5:44  Zergling x2  
  98  5:45  Zergling x6  
  102  5:50  Zergling x2  
  102  5:51  Zergling x2  
  102  5:55  Zergling x2  
  105  5:59  Zergling x4  
  105  6:00  Zergling x4  
  105  6:01  Zergling x2  
  105  6:02  Zergling x4  
  105  6:03  Zergling x6  
  115  6:10  Zergling x2  
  115  6:11  Ravager x4  
  119  6:16  Zergling x4  
  120  6:20  Overlord  
  117  6:30  Zergling x2  
  117  6:31  Zergling x10  
  116  6:35  Zergling x2  
  116  6:36  Zergling x10  
  111  6:44  Zergling x4  
  102  6:50  Overlord x2, Zerg Ground Armor Level 1  
  86  6:56  Zergling x4  
  86  7:00  Overlord  
  70  7:09  Roach x4  
  70  7:10  Queen x3  
  76  7:19  Roach x2  
  76  7:22  Roach x7  
  90  7:28  Spore Crawler  
  89  7:32  Spore Crawler  
  89  7:33  Roach x3  
  94  7:42  Roach  
  96  7:45  Queen x2  
  96  7:49  Roach x5  
  110  7:53  Overlord  
  108  7:58  Roach  
  108  7:59  Roach x3  
  108  8:04  Overlord  
  116  8:07  Drone  
  117  8:17  Roach  
  117  8:18  Roach x5  
  129  8:27  Roach x8  
  129  8:30  Overlord  
  129  8:33  Overlord  
  145  8:38  Queen  
  146  8:44  Roach x2  
  146  8:45  Overlord  
  146  8:47  Roach  
  152  8:53  Roach  
  152  9:05  Roach x7  
  152  9:09  Roach x2  
  166  9:17  Roach x3  
  166  9:22  Roach  
  166  9:23  Roach  
  174  9:37  Roach x4  
  178  9:40  Overlord x2  
  178  9:47  Roach x4  
  182  9:54  Roach  
  182  9:59  Roach x3  
  188  10:05  Roach  
  188  10:06  Zergling x10  
  195  10:09  Queen x2  
  195  10:13  Roach  
  195  10:26  Roach x2  
  185  10:38  Spine Crawler x2  
  185  10:40  Spine Crawler x2  
  185  10:41  Spine Crawler x3  
  159  10:48  Roach x3  
  151  11:01  Spine Crawler  
  134  11:05  Roach x3  
  122  11:16  Roach  
  122  11:17  Roach x2  
  96  11:36  Roach x2  
  42  12:16  Roach  
Tags
 
Add a new tag
Caveats
  • Supply blocks, unpowered buildings, or Contaminate may cause inaccurate times.
  • Supply counts are checked every 10 seconds.